 Dungeon Crawl Stone Soup version 0.29.1-2-gbd0b4ee654 (webtiles) character file.

Game seed: 11444071345177907535

46 Tirrikindir the Trooper (level 3, 0/26 HPs)
             Began as an Octopode Fighter on Oct 28, 2022.
             Slain by a gnoll
             ... wielding a +0 whip
              (7 damage)
             ... on level 2 of the Dungeon.
             The game lasted 00:01:40 (1221 turns).

Tirrikindir the Trooper (Octopode Fighter)          Turns: 1221, Time: 00:01:40

Health: 0/26       AC:  1    Str: 15    XL:     3   Next: 68%
Magic:  3/3        EV: 13    Int: 10    God:
Gold:   91         SH:  4    Dex: 13    Spells: 2/2 levels left

rFire   . . .      SeeInvis .   a - +0 long sword
rCold   . . .      Faith    .   b - +0 buckler
rNeg    . . .      Spirit   .   (helmet restricted)
rPois   .          Reflect  .   (no amulet)
rElec   .          Harm     .   (no ring)
rCorr   .          Rampage  .   (no ring)
Will    .....                   (no ring)
Stlth   +++.......              (no ring)
HPRegen 0.08/turn               (no ring)
MPRegen 0.08/turn               (no ring)
                                (no ring)
                                (no ring)

@: no status effects
A: almost no armour, amphibious, 8 rings, camouflage 1, gelatinous body 1,
(nimble swimmer 1), tentacles
a: no special abilities


You were on level 2 of the Dungeon.
You visited 1 branch of the dungeon, and saw 2 of its levels.

You collected 91 gold pieces.

Inventory:

Hand Weapons
 a - a +0 long sword (weapon)
Missiles
 h - 4 poisoned darts (quivered)
Armour
 b - a +0 buckler (worn)
Scrolls
 j - a scroll of enchant armour {unknown}
Potions
 c - a potion of might
 d - a potion of cancellation
 e - a potion of attraction {unknown}
 f - a potion of curing {unknown}
 i - a potion of flight {unknown}


   Skills:
 + Level 3.3 Fighting
 * Level 2.8 Long Blades
 + Level 3.2 Dodging
 + Level 1.6 Stealth
 + Level 3.2 Shields


You had 2 spell levels left.
You didn't know any spells.
Your spell library was empty.

Dungeon Overview and Level Annotations

Branches:
Dungeon (2/15)

Altars:


Innate Abilities, Weirdness & Mutations

You cannot wear most types of armour.
You are amphibious.
You can wear up to eight rings at the same time.
Your skin changes colour to match your surroundings (Stealth+).
Your rubbery body absorbs attacks. (AC +1, EV +1)
((You are camouflaged when in or above water. (Stealth+)))
You have tentacles for arms and can constrict up to eight enemies at once.


Message History

You hit the goblin but do no damage. You grab the goblin.
You constrict the goblin. The goblin barely misses you.
A gnoll comes into view. It is wielding a +0 club.
The gnoll shouts!
You slash the gnoll! You grab the gnoll.
The gnoll is heavily wounded.
You constrict the gnoll, but do no damage.
You constrict the goblin.
You kill the goblin!
The gnoll hits you with a +0 flail! The gnoll closely misses you.
You completely miss the gnoll. You squeeze the gnoll.
The gnoll is almost dead.
You constrict the gnoll.
You kill the gnoll!
A gnoll comes into view. It is wielding a +0 whip.
Things that are here:
a +0 flail; a +0 ring mail; a gnoll corpse You hit the gnoll.
You grab the gnoll.
The gnoll is heavily wounded.
You constrict the gnoll. The gnoll completely misses you.
You hit the gnoll but do no damage.
The gnoll is severely wounded.
You constrict the gnoll.
You kill the gnoll!
You now have 91 gold pieces (gained 6).
Things that are here:
a +0 club; a gnoll corpse You start resting.
A gnoll is nearby!
You see here a dart slug corpse.
The gnoll shouts!
You hit the gnoll but do no damage. Your grab misses the gnoll.
Your squeeze misses the gnoll. The gnoll hits you with a +0 whip!
* * * LOW HITPOINT WARNING * * *
You closely miss the gnoll. You grab the gnoll. You constrict the gnoll.
The gnoll misses you.
You slash the gnoll!
The gnoll is severely wounded.
You constrict the gnoll. The gnoll hits you with a +0 whip!
You die...

#...#...##.# **,****
#.)###†..#.# *,,,,,,
#...#......####,>***,
#..#)#.........,,,**,
#.##†##..#.###*,,,,,*
#.#...#.##,* *,,***,
#..###..#*,# *,,,,,,
#.#...#.##.# *,,**,,
#.##@##....# *,,,,,,
#..#g#..#..# *,,,*,,
#..###..##.# **,,,,*
##.....###.# **,*,,,
##.#......# *,,,,,*
#....##### **,*,*,,
###..# *,,,,,,, ##..#
*,*,,,*, #...#
#.,,*,,.


You could see a gnoll.

Vanquished Creatures
  2 gnolls (D:2)
  2 dart slugs (D:2)
  A bat (D:2)
  3 endoplasms (D:1)
  2 goblins (D:2)
  3 hobgoblins
  A kobold (D:1)
  2 quokkas (D:1)
  A ball python (D:2)
  4 frilled lizards
  2 rats
23 creatures vanquished.

Vanquished Creatures (others)
  A plant (D:1)
1 creature vanquished.

Grand Total: 24 creatures vanquished

Notes
Turn   | Place    | Note
-------+----------+-------------------------------------------
     0 | D:1      | Tirrikindir the Octopode Fighter began the quest for the
                  | Orb.
     0 | D:1      | Reached XP level 1. HP: 16/16 MP: 1/1
   378 | D:1      | Reached XP level 2. HP: 21/21 MP: 2/2
   806 | D:1      | Reached skill level 1 in Stealth
   904 | D:2      | Identified the +4 whip "Liroc" {vorpal, rF+}
  1157 | D:2      | Reached XP level 3. HP: 23/26 MP: 3/3
  1221 | D:2      | Slain by a gnoll

Illustrated notes

Levels and vault maps discovered:
D:1:      eino_arrival_water_cross, layout_loops_ring
D:2:      layout_loops_ring, hellmonk_ecumenical_altar_dog_temple,
          nicolae_kite_square_tiling_tiny, dreamdust_mushroom_princess,
          chequers_serial_rivers_small_b, minmay_ruptured

Skill      XL: |  1  2 |
---------------+-------+-----
Stealth        | 1 |  1.6
Fighting       | |  3.3
Long Blades    | |  2.8
Dodging        | |  3.2
Shields        | |  3.2

Action                   || total
-------------------------++-------
Melee: Long sword        ||    41
       Tentacles         ||    10
       Constrict         ||    10
  Use: Scroll            ||     2
 Stab: Sleeping          ||     3
Armor: Skin              ||     4
Dodge: Dodged            ||    24
Block: Buckler           ||     2
